 Dungeon Crawl Stone Soup version 0.29.1-1-gd02db6906a (webtiles) character file.

Game seed: 17778981142682110776

6488 EvilAshe the Carver (level 11, 0/117 HPs)
             Began as a Human Fighter on Oct 2, 2022.
             Was a Believer of Hepliaklqana.
             Slain by a tengu warrior
             ... wielding a +0 great sword
              (3 damage)
             ... on level 8 of the Dungeon.
             The game lasted 00:24:35 (10443 turns).

EvilAshe the Carver (Human Fighter)                Turns: 10443, Time: 00:24:36

Health: 0/117      AC: 17    Str: 16    XL:     11   Next: 19%
Magic:  11/11      EV:  5    Int:  9    God:    Hepliaklqana [**....]
Gold:   493        SH:  6    Dex: 23    Spells: 10/10 levels left

rFire   . . .      SeeInvis .   a - +0 scimitar
rCold   . . .      Faith    .   c - +0 buckler
rNeg    . . .      Spirit   .   D - +0 plate armour
rPois   .          Reflect  .   (no helmet)
rElec   .          Harm     .   s - +2 cloak
rCorr   .          Rampage  .   (no gloves)
Will    .....                   (no boots)
Stlth   ..........              (no amulet)
HPRegen 0.29/turn               j - +6 ring of dexterity
MPRegen 0.12/turn               (no ring)

@: berserking, flying, hasted, very quick
A: reduced essence
a: Renounce Religion, Recall Ancestor, Ancestor Identity


You were on level 8 of the Dungeon.
You worshipped Hepliaklqana.
Hepliaklqana was pleased with you.
You visited 1 branch of the dungeon, and saw 8 of its levels.

You collected 493 gold pieces.

Inventory:

Hand Weapons
 a - a +0 scimitar (weapon)
 A - a +0 long sword
Missiles
 e - 69 stones
 g - 10 boomerangs
 u - 22 poisoned darts (quivered)
Armour
 c - a +0 buckler (worn)
 s - a +2 cloak (worn)
 D - a +0 plate armour (worn)
Jewellery
 j - a +6 ring of dexterity (left hand)
Scrolls
 b - 2 scrolls of brand weapon {unknown}
 d - a scroll of blinking {unknown}
 f - 2 scrolls of fear
 h - a scroll of enchant weapon {unknown}
 p - a scroll of torment {unknown}
 q - a scroll of poison {unknown}
 r - a scroll of vulnerability
 t - a scroll of butterflies {unknown}
 v - 5 scrolls of teleportation
 x - a scroll of magic mapping {unknown}
 y - 2 scrolls of enchant armour
 B - a scroll of identify
 C - a scroll of noise {unknown}
Potions
 i - 7 potions of curing
 l - a potion of cancellation
 m - 2 potions of magic
 n - 4 potions of brilliance
 w - 2 potions of haste


   Skills:
 + Level 8.7 Fighting
 * Level 11.8 Long Blades
 + Level 8.8 Armour
 - Level 3.0 Shields


You had 10 spell levels left.
You didn't know any spells.
Your spell library contained the following spells:

 Spells                   Type           Power      Damage    Failure   Level
 Magic Dart               Conj           0%         1d3       100%        1
 Call Imp                 Summ           0%         N/A       100%        2
 Inner Flame              Hex/Fire       0%         N/A       100%        3
 Mephitic Cloud           Conj/Pois/Air  0%         N/A       100%        3
 Ozocubu's Armour         Ice            0%         N/A       100%        3
 Summon Guardian Golem    Hex/Summ       0%         N/A       100%        3
 Cause Fear               Hex            0%         N/A       100%        4
 Petrify                  Tmut/Erth      0%         N/A       100%        4
 Metabolic Englaciation   Hex/Ice        0%         N/A       100%        5
 Simulacrum               Ice/Necr       0%         N/A       100%        6
 Statue Form              Tmut/Erth      0%         N/A       100%        6
 Orb of Destruction       Conj           0%         9d5       100%        7
 Spellforged Servitor     Conj/Summ      0%         N/A       100%        7
 Discord                  Hex            0%         N/A       100%        8


Dungeon Overview and Level Annotations

Branches:
Dungeon (8/15)             Temple (0/1) D:5
   Lair: D:8-11

Altars:
Ashenzari
Cheibriados
Gozag
Hepliaklqana
Makhleb
Uskayaw
Wu Jian
Zin

Shops:
D:7 =

Annotations:
D:4 Pikel
D:6 exclusion: oklob plant


Message History

Throw: 23 darts (poison)
Press: ? - help, Q - select action, (/) - cycle Shift-Dir - straight line, f/p - tengu warrior
Aim: a tengu warrior, wielding a +0 great sword, wearing a +0 ring mail and wearing the amulet of Bonuys {Acrobat Drain Dex+4 SInv Stlth+} (moderately wounded, poisoned, 50% to hit)
You throw a poisoned dart.
The poisoned dart closely misses the tengu warrior.
You hit the tengu warrior.
The tengu warrior is moderately wounded.
You slash the tengu warrior!
The tengu warrior is moderately wounded.
The tengu warrior hits you with a +0 great sword.
The tengu warrior pecks you but does no damage.
The tengu warrior claws you but does no damage.
You slash the tengu warrior!
The tengu warrior is heavily wounded.
The tengu warrior hits you with a +0 great sword!
* * * LOW HITPOINT WARNING * * *
The tengu warrior pecks you.
* * * LOW HITPOINT WARNING * * *
The tengu warrior claws you but does no damage.
It was a potion of flight.
You feel very buoyant.
You fly up into the air.
It was a potion of berserk rage.
A red film seems to cover your vision as you go berserk!
You feel yourself moving faster!
You feel mighty!
The tengu warrior hits you but does no damage.
The tengu warrior completely misses you.
You block the tengu warrior's attack.
You closely miss the tengu warrior.
The tengu warrior is heavily wounded.
The tengu warrior hits you with a +0 great sword!!
* * * LOW HITPOINT WARNING * * *
The tengu warrior pecks you but does no damage.
The tengu warrior claws you but does no damage.
You closely miss the tengu warrior.
The tengu warrior is heavily wounded.
You slash the tengu warrior!
The tengu warrior is almost dead.
The tengu warrior hits you with a +0 great sword.
You die...

○####...##....#### #.# #
°......##...###. #)# #
##...)#...###..# #.# #
#.)."...### #.### #.# #...).###
.H#..# #.# ...####.######.#.#..#
#.# ...# .T......#.###..## #.#
.#.# ######.#.#.###..####.#
##.######....[.#@....###..##)#
##.##..####.##.#Q#)###..##.#)#
##.####..####.)#.###..####.#)# ##
#..##[.##..####(.#..####..##)###.
...####..##..###(.####....##.....
##.##..##..##..#####.#.#.###.....
...####..##..##.###R#.#.#.##.....
#..##.)##..#####..........##.....
##.####).####..####.#.#.#.##.....


You could see a tengu warrior (poisoned).

Vanquished Creatures
  A manticore (D:8)
  A hornet (D:6)
  A troll (D:8)
  Eustachio (D:4)
  A yak (D:8)
  An acid dragon (D:8)
  3 water moccasins
  An orc warrior (D:8)
  4 ice beasts
  2 sky beasts (D:8)
  2 black bears
  2 ogres
  A centaur (D:6)
  2 phantoms
  4 bullfrogs
  A gnoll sergeant (D:8)
  2 scorpions
  4 wights
  2 howler monkeys (D:8)
  2 orc priests
  6 jellies
  3 iguanas (D:4)
  7 orc wizards
  8 gnolls
  6 adders
  3 shadow imps
  4 dart slugs
  21 orcs
  7 ball pythons
  17 endoplasms
  4 giant cockroaches
  6 goblins
  8 hobgoblins
  2 jackals (D:1)
  3 quokkas
  6 bats
  3 frilled lizards (D:1)
  10 kobolds
  7 rats
169 creatures vanquished.

Vanquished Creatures (collateral kills)
  Joseph (D:7)
  A troll (D:7)
  A wyvern (D:8)
  2 yaks (D:8)
  Menkaure (D:6)
  An ice beast (D:7)
  A sky beast (D:8)
  An ogre (D:6)
  A centaur (D:8)
  A lemure (D:4)
  2 kobold brigands
  A bullfrog (D:6)
  2 necrophages
  5 wights (D:7)
  A hound (D:5)
  5 jellies (D:6)
  An iguana (D:5)
  5 orc wizards
  3 gnolls (D:7)
  An adder (D:5)
  A shadow imp (D:8)
  18 orcs
  3 endoplasms (D:6)
  4 kobolds (D:7)
63 creatures vanquished.

Vanquished Creatures (others)
  A howler monkey (D:8)
  3 battlemagi
  3 ancestors
  2 orcs (D:8)
  5 fungi (D:6)
14 creatures vanquished.

Grand Total: 246 creatures vanquished

Notes
Turn   | Place    | Note
-------+----------+-------------------------------------------
     0 | D:1      | EvilAshe the Human Fighter began the quest for the Orb.
     0 | D:1      | Reached XP level 1. HP: 18/18 MP: 1/1
    97 | D:1      | Reached XP level 2. HP: 24/24 MP: 2/2
   653 | D:1      | Reached XP level 3. HP: 28/29 MP: 3/3
   889 | D:1      | Found a faded altar of an unknown god.
  1344 | D:2      | Reached skill level 3 in Long Blades
  1441 | D:2      | Reached XP level 4. HP: 35/35 MP: 4/4
  2560 | D:3      | Reached XP level 5. HP: 41/41 MP: 5/5
  2767 | D:4      | Reached skill level 4 in Long Blades
  2938 | D:4      | Reached XP level 6. HP: 48/48 MP: 6/6
  2953 | D:4      | Found a hazy altar of Hepliaklqana.
  2959 | D:4      | Became a worshipper of Hepliaklqana the Forgotten
  3055 | D:4      | Found an ornate altar of the Wu Jian Council.
  3107 | D:4      | Noticed Eustachio
  3127 | D:5      | Entered Level 5 of the Dungeon
  3513 | D:3      | Noticed an ice beast
  3572 | D:4      | Killed Eustachio
  3573 | D:4      | Reached skill level 5 in Long Blades
  3573 | D:4      | Reached XP level 7. HP: 41/55 MP: 7/7
  3690 | D:4      | Found a burning altar of Makhleb.
  3728 | D:4      | You fall into a shaft and drop 2 floors!
  4109 | D:3      | Reached * piety under Hepliaklqana
  4119 | D:4      | Noticed Pikel
  5302 | D:4      | Reached skill level 6 in Long Blades
  5302 | D:4      | Found a glowing silver altar of Zin.
  5302 | D:4      | Found an opulent altar of Gozag.
  5355 | D:4      | Found a hide-covered altar of Uskayaw.
  5355 | D:4      | Found a broken altar of Ashenzari.
  5360 | D:4      | Reached skill level 5 in Fighting
  5360 | D:4      | Reached skill level 5 in Armour
  5360 | D:4      | Reached XP level 8. HP: 55/55 MP: 8/8
  5444 | D:5      | Found a snail-covered altar of Cheibriados.
  5646 | D:5      | Found a staircase to the Ecumenical Temple.
  6021 | D:6      | Reached skill level 7 in Long Blades
  6435 | D:5      | Reached XP level 9. HP: 61/62 MP: 9/9
  6493 | D:6      | Reached skill level 8 in Long Blades
  6542 | D:6      | Noticed Menkaure
  6556 | D:6      | Killed Menkaure
  7094 | D:6      | Noticed an oklob plant
  7333 | D:6      | Reached skill level 9 in Long Blades
  7539 | D:7      | Reached ** piety under Hepliaklqana
  7540 | D:7      | Remembered your ancestor Henutemipet as a battlemage
  7591 | D:7      | Noticed Joseph
  7597 | D:7      | Noticed a hornet
  7614 | D:6      | Killed a hornet
  7908 | D:7      | Killed Joseph
  7909 | D:7      | Reached XP level 10. HP: 66/71 MP: 10/10
  8000 | D:7      | Found Niapanoi's Jewellery Emporium.
  8323 | D:7      | Identified the +5 scale mail "Roelock" {*Corrode rC- Int+8
                  | Stlth+}
  8444 | D:7      | Reached skill level 10 in Long Blades
  9820 | D:8      | Reached *** piety under Hepliaklqana
  9959 | D:8      | Reached skill level 11 in Long Blades
 10193 | D:8      | Reached XP level 11. HP: 71/78 MP: 11/11
 10386 | D:8      | Noticed a manticore
 10425 | D:8      | Killed a manticore
 10425 | D:8      | Identified the amulet of Bonuys {Acrobat Drain Dex+4 SInv
                  | Stlth+}
 10425 | D:8      | Noticed a tengu warrior
 10441 | D:8      | HP: 3/117 [tengu warrior/+0 great sword (22)]
 10443 | D:8      | Slain by a tengu warrior

Illustrated notes

Levels and vault maps discovered:
D:1:      co_arrival_two_rings, layout_basic, shapermc_ecumenical_altar_pompeii
D:2:      layout_loops_ring, roderic_serpentine_path
D:3:      layout_basic
D:4:      layout_rooms, pdpol_wu_jian_five_deadly_venoms,
          lightli_temple_of_fire, lemuel_round_altar,
          grunt_temple_overflow_open, uniq_pikel, uniq_eustachio
D:5:      layout_rooms, kennysheep_mini, temple_hall
D:6:      lemuel_slime, layout_rooms, nicolae_ossuary_entry_monument,
          uniq_menkaure
D:7:      layout_cave_pods, serial_shops, nicolae_shop_advertising_works
          [nicolae_subvault_shop_adworks], uniq_joseph
D:8:      minmay_the_grid_triangle_9x9_rhombus_full
          [minmay_the_grid_triangle_9x9_dagger,
          minmay_the_grid_triangle_9x9_zippers_vertical,
          minmay_the_grid_triangle_9x9_negative_grid,
          minmay_the_grid_triangle_9x9_impossible_snake,
          minmay_the_grid_triangle_9x9_stretched_checkered,
          minmay_the_grid_triangle_9x9_from_above,
          minmay_the_grid_triangle_9x9_windchime,
          minmay_the_grid_triangle_9x9_prize_special], layout_cave_pods,
          special_room [special_room_orc], lemuel_flamethrower_2

Skill      XL: |  1  2  3  4  5  6  7  8  9 10 |
---------------+-------------------------------+-----
Long Blades    | 3 4 5 6 7 9 11 | 11.8
Fighting       | 4 5 7 8 |  8.7
Armour         | 4 5 6 7 8 |  8.8
Shields        | |  3.0

Action                   |  1- 3 |  4- 6 |  7- 9 | 10-12 || total
-------------------------+-------+-------+-------+-------++-------
Melee: Long sword        |   100 |   139 |   206 |    38 ||   483
       Scimitar          |       |       |       |   155 ||   155
Throw: Boomerang         |       |     8 |    32 |    16 ||    56
       Dart              |       |       |     9 |     9 ||    18
Invok: Recall Ancestor   |       |       |     1 |       ||     1
       Ancestor Life: Ba |       |       |     1 |       ||     1
  Use: Potion            |       |     1 |     1 |     3 ||     5
       Scroll            |       |       |     7 |     2 ||     9
 Stab: Distracted        |       |       |     4 |     5 ||     9
Armor: Scale mail        |    48 |     3 |       |       ||    51
       Chain mail        |       |   120 |   117 |    64 ||   301
       Plate armour      |       |       |       |    35 ||    35
Dodge: Dodged            |    42 |    44 |    45 |    31 ||   162
Block: Buckler           |    25 |    44 |    58 |    43 ||   170
